 Dungeon Crawl Stone Soup version 0.15.0-12-gccce430 (webtiles) character file.

7085 Kex the Grappler (level 10, -21/102 HPs)
             Began as a Troll Monk on Sept 1, 2014.
             Was a Priest of the Shining One.
             Demolished by an orc warrior
             ... wielding a cursed -1 halberd
             ... led by an orc high priest
              (25 damage)
             ... on Level 3 of the Orcish Mines.
             The game lasted 01:07:05 (8029 turns).

Kex the Grappler (Troll Monk)                       Turns: 8029, Time: 01:07:06

HP -21/102       AC  7     Str 26      XL: 10   Next: 84%
MP   4/4         EV 15     Int  6      God: the Shining One [***...]
Gold 702         SH  0     Dex 15      Spells:  0 memorised,  9 levels left

rFire  + . .     SeeInvis +       - Unarmed
rCold  + . .     Clarity  .     a - +1 robe
rNeg   + + .     rCorr    +     (shield restricted)
rPois  +         rRot     .     t - +0 hat {SInv}
rElec  +         Spirit   .     f - +0 cloak
SustAb +         Warding  .     (gloves unavailable)
rMut   .         Stasis   .     (boots unavailable)
Gourm  +                        (no amulet)
MR     .....                    p - ring of sustain abilities
                                r - ring of positive energy

@: mighty, about to teleport, resistant, glowing, not resistant to hostile
enchantments, very unstealthy
A: unfitting armour, claws 3, fast metabolism 3, gourmand, regeneration 2,
saprovore 2, shaggy fur 1, tough skin 2
a: Divine Shield, Renounce Religion


You were on level 3 of the Orcish Mines.
You worshipped the Shining One.
The Shining One was most pleased with you.
You were very full.

You visited 3 branches of the dungeon, and saw 13 of its levels.

You collected 702 gold pieces.

Inventory:

Armour
 a - a +1 robe (worn)
 f - a +0 cloak (worn)
 t - a +0 hat of see invisible (worn)
Magical devices
 v - a wand of slowing (17)
 y - a wand of cold (4) {unknown}
Comestibles
 b - 3 meat rations
 c - 7 bread rations
 g - a rotting chunk of orc flesh
 h - 11 fruits
 i - 3 rotting chunks of orc flesh
 m - 4 slices of pizza
 n - 6 royal jellies
 o - 2 chunks of orc flesh
 z - 4 beef jerkies
 B - 5 rotting chunks of orc flesh
Scrolls
 s - a scroll of teleportation
 w - a scroll of identify
 F - a scroll of remove curse
Jewellery
 e - an uncursed ring of protection from cold
 k - an uncursed ring of teleport control
 p - a ring of sustain abilities (right claw)
 r - a ring of positive energy (left claw)
 u - a cursed ring of teleportation {unknown}
 A - a +5 ring of dexterity {unknown}
Potions
 j - a potion of cure mutation


   Skills:
 + Level 7.5 Fighting
 + Level 8.7 Dodging
 + Level 2.9 Stealth
 + Level 10.6 Unarmed Combat


You had 9 spell levels left.
You didn't know any spells.

Dungeon Overview and Level Annotations

Branches:
Dungeon (9/15)             Temple (1/1) D:6             Orc (3/4) D:9
   Lair (0/8) D:8
    Elf: Orc:3-4

Altars:
Ashenzari
Cheibriados
Dithmenos
Elyvilon
Fedhas
Kikubaaqudgha
Makhleb
Nemelex Xobeh
Okawaru
Qazlal
Sif Muna
Trog
Vehumet
Xom
Yredelemnul
Zin
The Shining One


Innate Abilities, Weirdness & Mutations

You are too large for most types of armour.
You have claws for hands.
Your metabolism is lightning-fast.
You like to eat raw meat.
You heal very quickly.
You can eat rotten meat.
You are covered in fur (AC +1).
You have very tough skin (AC +2).


Message History

The orc high priest is heavily wounded.
The goblin barely misses you.
The orc high priest invokes the aid of Beogh against you.
Something smites you!
* * * LOW HITPOINT WARNING * * *
The orc barely misses you.
Read which item? (? for menu, Esc to quit)
As you read the scroll of teleportation, it crumbles to dust.
You feel strangely unstable. The blue devil closely misses you.
The goblin hits you but does no damage.
The orc warrior hits you from afar with a halberd.
* * * LOW HITPOINT WARNING * * *
The ogre hits you with a giant club!
* * * LOW HITPOINT WARNING * * *
The orc high priest hits you with a glaive.
* * * LOW HITPOINT WARNING * * *
The orc misses you. The blue devil closely misses you.
The goblin barely misses you.
The orc warrior hits you from afar with a halberd!!
You die...

. ### .. ##.##
..# ##...##.##
##.......$# .
#.........###4#
##...4o.........
#..@.o.......o#
#...goO#......#
##...4o......#
##
#####o.....##≈.#
##.><).....#.
##..).<.......
##.....).###...
##..g.....#
#....o....#


You could see an orc high priest (bleeding), an iron devil, a blue devil, 2 orc
warriors, an ogre, 2 orcs and a goblin.

Vanquished Creatures
  Gastronok (D:9)
  Grinder (D:3)
  A troll (D:8)
  A deep elf mage (D:9)
  Grum (D:9)
  2 hungry ghosts
  4 wolves (D:9)
  2 soldier ants (D:8)
  3 orc warriors
  A spider (D:8)
  2 ice beasts
  A manticore zombie (D:8)
  A necrophage (D:6)
  4 ogres
  3 sky beasts
  4 centaurs
  A phantom (D:4)
  The ghost of Patate the Shield-Bearer, an average GrFi (D:3)
  2 big kobolds
  3 giant frogs
  A scorpion (D:6)
  A yak zombie (D:7)
  13 wights
  7 hounds
  2 crimson imps
  2 orc priests
  A black bear zombie (D:8)
  2 jellies
  4 iguanas
  An orange rat (D:6)
  12 orc wizards
  Natasha (thrice) (D:4)
  4 worker ants
  Ijyb (D:3)
  Jessica (D:3)
  A worker ant zombie (D:7)
  3 gnolls (D:9)
  2 green rats (D:6)
  11 adders
  2 shadow imps (D:6)
  6 worms
  2 oozes
  46 orcs
  3 ball pythons
  9 giant cockroaches
  13 goblins
  11 hobgoblins
  21 jackals
  23 kobolds
  2 quokkas
  10 bats
  6 giant geckos
  7 giant newts
  A jackal skeleton (D:8)
  A quokka zombie (D:5)
  43 rats
  A rat skeleton (D:4)
  5 rat zombies (D:6)
323 creatures vanquished.

Vanquished Creatures (others)
  A wizard (D:8)
1 creature vanquished.

Grand Total: 324 creatures vanquished

Notes
Turn   | Place    | Note
--------------------------------------------------------------
     0 | D:1      | Kex, the Troll Monk, began the quest for the Orb.
     0 | D:1      | Reached XP level 1. HP: 22/22 MP: 1/1
   268 | D:1      | Reached XP level 2. HP: 26/29 MP: 1/1
   856 | D:2      | Reached XP level 3. HP: 33/36 MP: 2/2
  1166 | D:2      | Reached XP level 4. HP: 42/44 MP: 2/2
  1412 | D:2      | Reached skill level 5 in Unarmed Combat
  1533 | D:3      | Noticed Patate's ghost (average GrFi)
  1540 | D:3      | Killed Patate's ghost
  1540 | D:3      | Reached XP level 5. HP: 42/53 MP: 2/2
  1654 | D:3      | Noticed Jessica
  1662 | D:3      | Killed Jessica
  2191 | D:3      | Noticed Ijyb
  2201 | D:3      | Killed Ijyb
  2254 | D:3      | Noticed Grinder
  2254 | D:3      | Paralysed by Grinder for 5 turns
  2270 | D:3      | Killed Grinder
  2270 | D:3      | Reached XP level 6. HP: 32/61 MP: 3/3
  2473 | D:4      | Reached XP level 7. HP: 42/67 MP: 3/3
  2489 | D:4      | Reached skill level 6 in Unarmed Combat
  2619 | D:4      | Reached skill level 5 in Dodging
  2980 | D:4      | Noticed Natasha
  3009 | D:4      | Killed Natasha
  3150 | D:4      | Noticed Natasha
  3159 | D:4      | Killed Natasha
  3427 | D:5      | Entered Level 5 of the Dungeon
  3526 | D:5      | Reached XP level 8. HP: 59/78 MP: 3/3
  3875 | D:5      | Reached skill level 7 in Unarmed Combat
  4417 | D:4      | Noticed Natasha
  4420 | D:4      | Killed Natasha
  5280 | D:6      | Reached skill level 5 in Fighting
  5295 | D:6      | Found a staircase to the Ecumenical Temple.
  5339 | Temple   | Entered the Ecumenical Temple
  5413 | Temple   | Became a worshipper of the Shining One
  5413 | Temple   | Acquired the Shining One's first power
  5413 | Temple   | Acquired the Shining One's second power
  5537 | D:7      | Reached XP level 9. HP: 88/88 MP: 4/4
  5634 | D:7      | Reached skill level 8 in Unarmed Combat
  6052 | D:8      | Found a staircase to the Lair.
  6124 | D:8      | Found a bloodstained altar of Trog.
  6124 | D:8      | Noticed a wizard
  6131 | D:8      | Killed a wizard
  6272 | D:8      | Found a sand-covered staircase.
  6290 | D:8      | Reached skill level 9 in Unarmed Combat
  6465 | D:8      | Reached XP level 10. HP: 58/100 MP: 4/4
  6832 | D:9      | Noticed Gastronok
  6853 | D:9      | Killed Gastronok
  7027 | D:9      | Noticed Grum
  7038 | D:9      | Reached skill level 10 in Unarmed Combat
  7052 | D:9      | Killed Grum
  7130 | D:9      | Found a staircase to the Orcish Mines.
  7639 | Orc:1    | Entered Level 1 of the Orcish Mines
  8004 | Orc:3    | Noticed an orc high priest
  8028 | Orc:3    | HP: 5/102 [ogre/giant club[an orc high priest] (8)]
  8029 | Orc:3    | Demolished by an orc warrior

Action                   |  1- 3 |  4- 6 |  7- 9 | 10-12 || total
-------------------------+-------+-------+-------+-------++-------
Melee: Unarmed           |    90 |   122 |   455 |   172 ||   839
  Use: Potion            |     4 |     2 |     7 |     4 ||    17
       Scroll            |     3 |       |    11 |     3 ||    17
 Stab: Sleeping          |       |     2 |       |       ||     2
  Eat: Chunk             |    15 |    10 |    32 |    23 ||    80
